 Dungeon Crawl Stone Soup version 0.29-a0-330-g52719c12eb (webtiles) character file.

Game seed: 11440786500527819479

111 kae the Firebug (level 4, -4/35 HPs)
             Began as a Demigod Fire Elementalist on May 13, 2022.
             Killed from afar by Grinder (9 damage)
             ... with a puff of flame
             ... on level 3 of the Dungeon.
             The game lasted 00:03:05 (3522 turns).

kae the Firebug (Demigod Fire Elementalist)         Turns: 3522, Time: 00:03:05

Health: -4/35      AC:  3    Str:  9    XL:     4   Next: 36%
Magic:  5/10       EV: 12    Int: 21    God:
Gold:   120        SH:  0    Dex: 14    Spells: 1/7 levels left

rFire   . . .      SeeInvis .   k - +0 whip (vamp)
rCold   . . .      Faith    .   (no shield)
rNeg    . . .      Spirit   .   a - +1 robe
rPois   .          Reflect  .   (no helmet)
rElec   .          Harm     .   j - scarf {+Inv}
rCorr   .          Rampage  .   (no gloves)
Will    .....                   (no boots)
Stlth   ++........              (no amulet)
HPRegen 0.11/turn               d - ring of flight
MPRegen 0.12/turn               (no ring)

@: flying
A: high MP 1, forlorn, divine attributes
a: Evoke Invisibility


You were on level 3 of the Dungeon.
You visited 1 branch of the dungeon, and saw 3 of its levels.

You collected 120 gold pieces.

Inventory:

Hand Weapons
 k - a +0 vampiric whip (weapon)
Armour
 a - a +1 robe (worn)
 j - a scarf of invisibility (worn)
Jewellery
 d - a ring of flight (left hand)
 i - an amulet of regeneration
 m - a ring of protection from fire
Scrolls
 g - a scroll of holy word
Potions
 b - a potion of magic
 c - a potion of ambrosia
 e - a potion of attraction {unknown}
 f - a potion of degeneration
 h - 2 potions of curing
 l - a potion of haste {unknown}


   Skills:
 + Level 1.4 Fighting
 + Level 2.4 Dodging
 - Level 1.7 Stealth
 + Level 2.4 Spellcasting
 + Level 1.9 Conjurations
 + Level 3.2 Fire Magic


You had one spell level left.
You knew the following spells:

 Your Spells              Type           Power      Damage    Failure   Level
a - Foxfire               Conj/Fire      52%        2x1d6     4%          1
b - Scorch                Fire           32%        2d6       5%          2
c - Conjure Flame         Conj/Fire      13%        6-21      14%         3

Your spell library contained the following spells:

 Spells                   Type           Power      Damage    Failure   Level
 Summon Small Mammal      Summ           8%         N/A       14%         1
 Inner Flame              Hex/Fire       9%         N/A       22%         3
 Call Canine Familiar     Summ           2%         N/A       38%         3
 Summon Guardian Golem    Hex/Summ       2%         N/A       38%         3
 Flame Wave               Conj/Fire      13%        2d6       43%         4


Dungeon Overview and Level Annotations

Branches:
Dungeon (3/15)

Annotations:
D:2 Terence
D:3 Grinder


Innate Abilities, Weirdness & Mutations

You have an increased reservoir of magic. (+10% MP)
You shall have no god before yourself.
Your divine heritage dramatically boosts your attributes as you level up.


Message History

Grinder is severely wounded.
Grinder's fire resistance burns away.
Grinder says, "Just stop there for a second..."
Grinder gestures at you.
You suddenly lose the ability to move!
Grinder hits you!
You writhe in agony.
Grinder barely misses you.
Grinder says, "Mostly I couldn't keep them alive."
Grinder zaps a wand.
The puff of flame hits you!
You can move again.
Grinder is no longer more vulnerable to fire.
Grinder gestures at you. Pain shoots through your body!
Unknown command.
Unknown command.
Casting: Scorch (safe; 5% risk of failure)
Confirm with . or Enter, or press ? or * to list all spells.
Flames lash Grinder.
Grinder is almost dead.
Grinder's fire resistance burns away.
Grinder hits you!
* * * LOW HITPOINT WARNING * * *
You writhe in agony.
* * * LOW HITPOINT WARNING * * *
Grinder blinks!
Casting: Scorch (safe; 5% risk of failure)
Confirm with . or Enter, or press ? or * to list all spells.
You can't see any susceptible monsters within range! (Use Z to cast anyway.)
Casting: Scorch (safe; 5% risk of failure)
Confirm with . or Enter, or press ? or * to list all spells.
You can't see any susceptible monsters within range! (Use Z to cast anyway.) Grinder is nearby!
Grinder is nearby!
Grinder is nearby!
Casting: Scorch (safe; 5% risk of failure)
Confirm with . or Enter, or press ? or * to list all spells.
Flames lash Grinder.
Grinder is almost dead.
Grinder's fire resistance burns away.
Grinder zaps a wand.
The puff of flame hits you!
You die...

### #....# ### #...#
##...# #.. ##... ##..#
#.. #####....
######..####.. .^.......
.(.......>..#. ......$#
###..###....#.
#....####..........#.
...#....5.#.#.#.#.#รท..#.
#.....@#.............#.
##.....###.......#.###+
#....#####..............
###. ##.......#..... #.
#....>......... (.
##.......#..... #
#..........###.
##.#.#.#.#.# #.
########..# #.


You could see Grinder (combustible).

Vanquished Creatures
  An orc priest (D:2)
  An adder (D:2)
  3 dart slugs
  2 orcs (D:2)
  7 ball pythons
  3 bats
  8 endoplasms
  2 giant cockroaches (D:2)
  5 goblins
  6 hobgoblins
  7 kobolds
  3 quokkas
  6 frilled lizards
  8 rats
62 creatures vanquished.

Vanquished Creatures (others)
  265 foxfires
  7 plants (D:3)
272 creatures vanquished.

Grand Total: 334 creatures vanquished

Notes
Turn   | Place    | Note
-------+----------+-------------------------------------------
     0 | D:1      | kae the Demigod Fire Elementalist began the quest for the
                  | Orb.
     0 | D:1      | Reached XP level 1. HP: 14/14 MP: 5/5
   291 | D:1      | Reached skill level 1 in Conjurations
   486 | D:1      | Reached XP level 2. HP: 22/22 MP: 4/7
   513 | D:1      | You fall into a shaft and drop 1 floor!
   819 | D:2      | Reached skill level 3 in Fire Magic
   915 | D:2      | Reached XP level 3. HP: 24/27 MP: 2/8
  1090 | D:2      | Reached skill level 1 in Fighting
  1328 | D:2      | Noticed Terence
  2240 | D:2      | Learned a level 2 spell: Scorch
  2244 | D:2      | Learned a level 3 spell: Conjure Flame
  2658 | D:2      | Reached XP level 4. HP: 34/35 MP: 3/10
  3489 | D:3      | Noticed Grinder
  3495 | D:3      | Paralysed by Grinder for 4 turns
  3508 | D:3      | Paralysed by Grinder for 4 turns
  3522 | D:3      | Killed from afar by Grinder

Illustrated notes

Levels and vault maps discovered:
D:1:      roderic_crossed_star, layout_basic, basic_ecumenical_altar,
          minmay_heptomino_h4
D:2:      layout_basic, minmay_quadrilaterals, uniq_terence
D:3:      layout_basic, nicolae_overflow_crystal_walls,
          nicolae_hepliaklqana_hazy_memory, hangedman_glass_teeth, st_stairs_4,
          hangedman_decor_clover_reticule, minmay_between, uniq_robin,
          uniq_crazy_yiuf_cottage, uniq_grinder

Skill      XL: |  1  2  3 |
---------------+----------+-----
Conjurations   | 1 |  1.9
Dodging        | 2 |  2.4
Spellcasting   | 2 |  2.4
Fire Magic     | 3 |  3.2
Fighting       | 1 |  1.4
Stealth        | |  1.7

Action                   |  1- 3 |  4- 6 || total
-------------------------+-------+-------++-------
Melee: Unarmed           |     7 |       ||     7
 Cast: Foxfire           |   108 |    41 ||   149
       Scorch            |     1 |     3 ||     4
       Conjure Flame     |       |     1 ||     1
  Use: Scroll            |     9 |     2 ||    11
       Potion            |     1 |     1 ||     2
Armor: Robe              |     9 |       ||     9
Dodge: Dodged            |    36 |     4 ||    40

Table legend: (Time is in decaauts)
 A = Elapsed time spent in this place.
 B = Non-inter-level travel time spent in this place.
 C = Inter-level travel time spent in this place.
 D = Time resting spent in this place.
 E = Time spent auto-exploring this place.
 F = Levels seen in this place.
 G = Mean time per level.
                   A        B        C        D        E       F      G
               +--------+--------+--------+--------+--------+-----+--------+
         Total |   3522 |   3368 |    154 |     44 |   2788 |   3 | 1174.0 |
       Dungeon |   3522 |   3368 |    154 |     44 |   2788 |   3 | 1174.0 |
               +--------+--------+--------+--------+--------+-----+--------+

Top non-repeatable levels by time:
     D:2: 1590 daAuts
     D:1: 1402 daAuts
     D:3: 529 daAuts
